 Dungeon Crawl Stone Soup version 0.23.0 (webtiles) character file.

Game seed: 12234062674769052371

41339 Murks the Covert (level 14, 0/68 HPs)
             Began as a Vine Stalker Fighter on Feb 19, 2019.
             Was a Priest of Uskayaw.
             Slain by a water moccasin (4 damage)
             ... on level 6 of the Lair of Beasts.
             The game lasted 00:58:36 (15813 turns).

Murks the Covert (Vine Stalker Fighter)            Turns: 15813, Time: 00:58:37

Health: 0/68       AC: 14    Str: 18    XL:     14   Next: 15%
Magic:  0/9        EV: 11    Int: 12    God:    Uskayaw [***...]
Gold:   947        SH:  7    Dex: 16    Spells: 29/29 levels left

rFire    . . .     SeeInvis .   v - +7 quick blade of Defilement {antimagic, Fragile +Rage rElec}
rCold    . . .     Gourm    .   W - +0 buckler
rNeg     + . .     Faith    +   o - +1 scale mail {rPois}
rPois    +         Spirit   +   H - +2 helmet
rElec    +         Reflect  .   u - +0 cloak
rCorr    .         Harm     .   (no gloves)
MR       +....                  N - +1 pair of boots
Stlth    +++.......             M - amulet of faith
HPRegen  1.01/turn              V - ring "Leneig" {rN+ Stlth+}
MPRegen  0.11/turn              C - +2 ring of evasion

@: frozen, very slightly contaminated, studying Shields, invisible, very slow
A: fangs 3, regeneration 2, magic shield, antimagic bite, no potion heal 3, rot
immunity
a: Stomp, Line Pass, Renounce Religion, Evoke Berserk Rage


You were on level 6 of the Lair of Beasts.
You worshipped Uskayaw.
Uskayaw was pleased with you.
You were hungry.

You visited 3 branches of the dungeon, and saw 20 of its levels.

You collected 1072 gold pieces.
You spent 125 gold pieces at shops.

Inventory:

Hand Weapons
 v - the +7 quick blade of Defilement (weapon) {antimagic, Fragile +Rage rElec}
   (You acquired it on level 4 of the Lair of Beasts)

   It reduces the magical energy of the wielder, and disrupts the spells and
   magical abilities of those hit.
   Natural abilities and divine invocations are not affected.
   It insulates you from electricity.
   It lets you go berserk.
   It will be destroyed if unequipped.
 X - a +6 dagger of electrocution
Armour
 o - a +1 scale mail of poison resistance (worn)
 u - a +0 cloak (worn)
 H - a +2 helmet (worn)
 J - a +0 shield
 N - a +1 pair of boots (worn)
 W - a +0 buckler (worn)
Jewellery
 x - a +5 ring of dexterity
 C - a +2 ring of evasion (right hand)
 D - an uncursed ring of protection from magic
 M - an amulet of faith (around neck)
 O - an uncursed ring of resist corrosion
 P - a +4 amulet of reflection
 V - the ring "Leneig" (left hand) {rN+ Stlth+}
   (You found it on level 11 of the Dungeon)

   [ring of positive energy]

   It protects you from negative energy.
   It makes you more stealthy.
Wands
 e - a wand of digging (4)
 t - a wand of disintegration (15)
 B - a wand of random effects (15)
 Q - a wand of paralysis (21)
 T - a wand of acid (16)
 U - a wand of flame (16)
 Y - a wand of iceblast (17)
Scrolls
 a - a scroll of enchant armour
 b - 4 scrolls of immolation
 d - 2 scrolls of fear
 h - 16 scrolls of remove curse
 k - 4 scrolls of teleportation
 m - 2 scrolls of enchant weapon
 n - 4 scrolls of magic mapping
 r - 3 scrolls of fog
 w - a scroll of brand weapon {unknown}
 y - a scroll of holy word {unknown}
 F - a scroll of identify
 K - 2 scrolls of amnesia
Potions
 c - 2 potions of resistance {unknown}
 g - 3 potions of flight
 i - 2 potions of ambrosia {unknown}
 j - 3 potions of haste {unknown}
 l - 3 potions of berserk rage
 p - 2 potions of lignification {unknown}
 q - 2 potions of heal wounds {unknown}
 s - 7 potions of agility {unknown}
 z - a potion of invisibility
 A - 3 potions of cancellation {unknown}
 E - 2 potions of degeneration {unknown}
 I - a potion of mutation {unknown}
 L - 4 potions of might
 S - 8 potions of curing {unknown}
Books
 G - a manual of Shields
Comestibles
 f - 39 rations
 R - 4 chunks of flesh


   Skills:
 - Level 5.0 Fighting
 - Level 10.1 Short Blades
 + Level 4.9 Armour
 - Level 14.2 Stealth
 + Level 11.3 Shields
 - Level 8.0 Spellcasting
 * Level 12.6 Invocations


You had 29 spell levels left.
You didn't know any spells.
Your spell library contained the following spells:

 Spells                   Type           Power        Failure   Level  Hunger
 Confusing Touch          Hex            #.....       41%         1    None
 Corona                   Hex            #......      41%         1    None
 Shock                    Conj/Air       #...         41%         1    None
 Passwall                 Tmut/Erth      #.......     54%         2    #......
 Swiftness                Chrm/Air       #.......     54%         2    #......
 Call Canine Familiar     Summ           #.......     78%         3    ##.....
 Confuse                  Hex            #.......     78%         3    ##.....
 Dazzling Spray           Conj/Hex       #.....       78%         3    ##.....
 Gell's Gravitas          Tloc           #.........   78%         3    ##.....
 Recall                   Summ/Tloc      N/A          78%         3    ##.....
 Spectral Weapon          Hex/Chrm       #.......     78%         3    ##.....
 Static Discharge         Conj/Air       #.......     78%         3    ##.....
 Fulminant Prism          Conj/Hex       #.........   99%         4    ####...
 Passage of Golubria      Tloc           N/A          99%         4    ####...
 Petrify                  Tmut/Erth      #.......     99%         4    ####...
 Lee's Rapid Deconstruct  Erth           #.........   100%        5    ######.
 Lightning Bolt           Conj/Air       #.........   100%        5    ######.
 Metabolic Englaciation   Hex/Ice        #.........   100%        5    ######.
 Silence                  Hex/Air        #.........   100%        5    ######.
 Yara's Violent Unravell  Hex/Tmut       #.........   100%        5    ######.
 Darkness                 Hex            #.........   100%        6    #######
 Invisibility             Hex            #.......     100%        6    #######
 Ignition                 Fire           #.........   100%        8    #######
 Shatter                  Erth           #.........   100%        9    #######
 Tornado                  Air            #.........   100%        9    #######


Dungeon Overview and Level Annotations

Branches:
Dungeon (13/15)            Temple (1/1) D:6            Lair (6/6) D:8
 Shoals (0/4) Lair:4        Snake (0/4) Lair:4          Orc (0/2) D:9
  Slime: Lair:5-6    Vaults: D:13-14

Altars:
Ashenzari
Cheibriados
Dithmenos
Elyvilon
Fedhas
Gozag
Kikubaaqudgha
Makhleb
Nemelex Xobeh
Okawaru
Qazlal
Ru
Sif Muna
Trog
Uskayaw
Vehumet
Wu Jian
Xom
Yredelemnul
The Shining One
Beogh

Shops:
D:4 :   D:8 **?   D:11 *!

Annotations:
D:6 Sigmund
D:10 exclusion: orange crystal statue
Lair:4 exclusion: oklob plant


Innate Abilities, Weirdness & Mutations

You have razor-sharp teeth.
You heal very quickly.
When hurt, damage is shared between your health and your magic reserves.
Your bite disrupts and absorbs the magic of your enemies.
Potions cannot restore your health.
You are immune to rotting.


Message History

Here: a crocodile Some shallow water.
You fade into invisibility!
The harpy misses you. The harpy claws you but does no damage.
The water moccasin closely misses you. You block the komodo dragon's attack.
You are very lightly contaminated with residual magic.
Press: ? - help, . - travel You can't see that place. [the floor.]
You enter the shallow water.
Moving in this stuff is going to be slow. ...and don't expect to remain undetected.
The elephant is no longer sharing its pain.
The komodo dragon is no longer sharing its pain.
The rime drake breathes ice at you. The flash freeze hits you.
* * * LOW HITPOINT WARNING * * *
You are encased in ice.
The water moccasin bites you.
You die...

≈≈≈≈≈≈≈≈.............<.
####.≈#.≈...............
#.≈≈#≈.#≈...H.......#...
#≈≈≈≈≈≈P............##..
#≈≈≈P†≈≈............##..
#≈≈≈≈≈..≈...........##..
≈ #≈≈≈.≈##≈..#.#...##.#
#. ≈≈ #≈≈≈≈≈t≈..###.####
## h≈Y#≈h≈m≈S@≈≈# ###
k≈≈.≈#≈#l.#≈≈#
≈#≈≈≈≈k##≈≈# #≈≈≈≈Y≈≈P≈#
#≈≈≈P≈≈≈≈.#
#≈≈≈.≈##.....
#####≈##...## ≈≈≈ ..#..
≈P≈≈ . .


You could see a merfolk avatar, an elephant, a manticore (fleeing), a polar
bear, a komodo dragon, a rime drake, a water moccasin and a crocodile.

Vanquished Creatures
  3 hydras
  3 two-headed ogres
  The ghost of Cato the Destroyer, a journeyman DECj of Sif Muna (Lair:2)
  An unseen horror (D:11)
  A manticore (Lair:6)
  An oklob plant (Lair:2)
  A cyclops (D:11)
  6 elephants
  7 black mambas
  A guardian serpent (Lair:4)
  A merfolk siren (Lair:4)
  8 spiny frogs
  4 rime drakes
  An efreet (D:11)
  2 kobold demonologists
  2 komodo dragons
  5 trolls
  A hornet (Lair:6)
  A tengu conjurer (D:11)
  6 hippogriffs
  A meliai zombie (D:10)
  A blink frog (shapeshifter) (D:11)
  13 blink frogs
  A hippogriff (shapeshifter) (D:11)
  35 yaks
  6 wyverns
  4 hogs (D:7)
  A human (D:7)
  A fire elemental (Lair:6)
  3 basilisks
  2 steam dragons
  A hungry ghost (D:11)
  An acid dragon (D:12)
  4 porcupines
  11 water moccasins
  7 ice beasts
  7 orc warriors
  A phantom (D:6)
  8 ogres
  3 black bears
  A necrophage (D:8)
  23 wolves
  10 centaurs
  8 crocodiles
  2 big kobolds
  15 bullfrogs
  A wyvern zombie (D:6)
  2 gnoll sergeants
  A wyvern skeleton (D:6)
  7 scorpions
  10 killer bees
  A water moccasin skeleton (D:10)
  12 wights
  3 howler monkeys (D:8)
  4 crimson imps
  6 bullfrog zombies
  5 jellies
  3 centaur zombies
  9 orc priests
  7 hounds
  A centaur skeleton (D:6)
  6 iguanas
  16 orc wizards
  Terence (D:2)
  Natasha (D:2)
  13 hell rats
  6 worker ants
  A howler monkey zombie (D:5)
  5 worker ant zombies
  A howler monkey skeleton (D:9)
  6 gnolls
  10 adders
  3 shadow imps
  3 oozes
  An adder skeleton (D:4)
  7 worms
  3 dart slugs
  3 leopard geckos
  53 orcs
  6 giant cockroaches
  5 goblins
  10 hobgoblins
  3 jackals (D:2)
  17 kobolds
  3 quokkas
  3 ball pythons
  8 bats
  8 frilled lizards
  A quokka skeleton (D:8)
  8 rats
  A fire vortex (Lair:6)
  A plant (Lair:2)
511 creatures vanquished.

Vanquished Creatures (others)
  2 fungi
  4 plants
6 creatures vanquished.

Grand Total: 517 creatures vanquished

Notes
Turn   | Place    | Note
-------+----------+-------------------------------------------
     0 | D:1      | Murks the Vine Stalker Fighter began the quest for the Orb.
     0 | D:1      | Reached XP level 1. HP: 11/11 MP: 2/2
    63 | D:1      | Reached XP level 2. HP: 16/16 MP: 1/3
   528 | D:1      | Reached XP level 3. HP: 19/19 MP: 4/4
   739 | D:2      | Found a white marble altar of Elyvilon.
   884 | D:2      | Noticed Natasha
   891 | D:2      | Killed Natasha
   891 | D:2      | Gained mutation: Your natural rate of healing is unusually
                  | fast. [Vine Stalker growth]
   891 | D:2      | Reached XP level 4. HP: 23/23 MP: 5/5
  1156 | D:2      | Found a faded altar of an unknown god.
  1157 | D:2      | Noticed Terence
  1179 | D:2      | Killed Terence
  1179 | D:2      | Reached XP level 5. HP: 24/27 MP: 6/6
  1226 | D:2      | Found a sacrificial altar of Ru.
  1435 | D:3      | Noticed an ogre
  1513 | D:3      | Killed an ogre
  1513 | D:3      | Reached skill level 5 in Short Blades
  1564 | D:3      | Reached XP level 6. HP: 31/32 MP: 7/7
  2343 | D:4      | Reached XP level 7. HP: 35/35 MP: 8/8
  2430 | D:4      | Found an ornate altar of the Wu Jian Council.
  2569 | D:4      | Found Iriuts's Book Shoppe.
  2753 | D:5      | Entered Level 5 of the Dungeon
  2842 | D:5      | Identified Kacecry's Disquisition on Execration
  2904 | D:5      | Reached skill level 1 in Spellcasting
  2990 | D:5      | Found an ancient bone altar of Kikubaaqudgha.
  3243 | D:5      | Gained mutation: You have razor-sharp teeth. [Vine Stalker
                  | growth]
  3243 | D:5      | Reached XP level 8. HP: 39/42 MP: 10/13
  3808 | D:6      | Reached skill level 5 in Fighting
  3920 | D:6      | Reached skill level 5 in Spellcasting
  4077 | D:6      | Noticed Sigmund
  4109 | D:5      | Reached XP level 9. HP: 45/47 MP: 16/18
  4270 | D:6      | Found a staircase to the Ecumenical Temple.
  4279 | Temple   | Entered the Ecumenical Temple
  4357 | Temple   | Became a worshipper of Uskayaw the Reveler
  4485 | D:7      | Reached * piety under Uskayaw
  4486 | D:7      | Reached ** piety under Uskayaw
  4492 | D:7      | Reached *** piety under Uskayaw
  4496 | D:7      | Reached **** piety under Uskayaw
  4582 | D:7      | You fall through a shaft for 2 floors!
  4750 | D:9      | Noticed a two-headed ogre
  4755 | D:9      | Killed a two-headed ogre
  4818 | D:9      | Found a staircase to the Orcish Mines.
  4848 | D:9      | Found a roughly hewn altar of Beogh.
  4865 | D:9      | Reached ***** piety under Uskayaw
  4918 | D:9      | Reached skill level 1 in Stealth
  4918 | D:9      | Reached XP level 10. HP: 35/51 MP: 16/23
  4972 | D:8      | Reached skill level 2 in Stealth
  5078 | D:8      | Found Jutogg's Magic Scroll Emporium.
  5092 | D:8      | Reached skill level 3 in Stealth
  5104 | D:8      | Found Yczem's Assorted Antiques.
  5197 | D:8      | Reached skill level 4 in Stealth
  5260 | D:8      | Reached skill level 10 in Short Blades
  5321 | D:7      | Reached skill level 5 in Stealth
  5348 | D:7      | Reached skill level 1 in Invocations
  5485 | D:7      | Found a shimmering altar of Xom.
  5488 | D:7      | Reached skill level 6 in Stealth
  5489 | D:7      | Found a shimmering altar of Xom.
  5489 | D:7      | Found a shimmering altar of Xom.
  5490 | D:7      | Found a shimmering altar of Xom.
  5689 | D:7      | Reached skill level 7 in Stealth
  6199 | D:8      | Found a staircase to the Lair.
  6200 | D:8      | Noticed a two-headed ogre
  6221 | D:8      | Killed a two-headed ogre
  6221 | D:8      | Reached skill level 8 in Stealth
  6221 | D:8      | Reached XP level 11. HP: 55/55 MP: 24/24
  6242 | D:8      | Reached skill level 5 in Invocations
  6290 | D:8      | Found Durgh's General Store.
  6310 | D:8      | Bought a twisted platinum amulet for 125 gold pieces
  6412 | D:8      | Reached skill level 9 in Stealth
  7269 | D:9      | Found a radiant altar of Vehumet.
  7269 | D:9      | Found a stormy altar of Qazlal.
  7270 | D:9      | Found an opulent altar of Gozag.
  7491 | D:10     | Entered Level 10 of the Dungeon
  7592 | D:10     | Reached skill level 5 in Shields
  7675 | D:10     | Noticed an orange crystal statue
  7708 | D:10     | Reached skill level 10 in Stealth
  8342 | D:11     | Found Noige Agu's General Store.
  8369 | D:11     | Noticed a cyclops
  8380 | D:11     | Killed a cyclops
  8592 | D:11     | Noticed a seven-headed hydra
  8593 | D:11     | Found the +5 demon whip "Spellbinder" {antimagic, MR+}
  8593 | D:11     | Noticed a two-headed ogre
  8600 | D:11     | Killed a seven-headed hydra
  8604 | D:11     | Reached skill level 11 in Stealth
  8604 | D:11     | Killed a two-headed ogre
  8604 | D:11     | Gained mutation: You heal very quickly. [Vine Stalker
                  | growth]
  8604 | D:11     | Reached XP level 12. HP: 60/60 MP: 19/25
  8620 | D:11     | Reached ****** piety under Uskayaw
  8624 | D:11     | Got a heavily runed brass ring
  8625 | D:11     | Identified the Catalogue of the Cloudy Escort
  8662 | D:11     | Identified the ring "Leneig" {rN+ Stlth+} (You found it on
                  | level 11 of the Dungeon)
  9156 | D:11     | Found Pourchuw's Distillery.
  9436 | D:12     | Reached skill level 12 in Stealth
 10667 | Lair:1   | Entered Level 1 of the Lair of Beasts
 10820 | Lair:1   | Reached skill level 13 in Stealth
 11121 | Lair:1   | Reached skill level 10 in Invocations
 11309 | Lair:1   | Reached XP level 13. HP: 63/63 MP: 26/26
 11821 | Lair:2   | Found a large runed translucent door.
 11823 | Lair:2   | Found a large runed translucent door.
 11827 | Lair:2   | Noticed Cato's ghost (journeyman DECj)
 11841 | Lair:2   | Killed Cato's ghost
 11886 | Lair:2   | Reached skill level 14 in Stealth
 13971 | Lair:4   | Identified a scroll of acquirement
 13972 | Lair:4   | Got a jewelled quick blade
 13975 | Lair:3   | Identified the +7 quick blade of Defilement {antimagic,
                  | Fragile +Rage rElec} (You acquired it on level 4 of the
                  | Lair of Beasts)
 14086 | Lair:4   | Reached skill level 10 in Shields
 14307 | Lair:4   | Found a staircase to the Shoals.
 14443 | Lair:4   | Found a staircase to the Snake Pit.
 15526 | Lair:6   | Entered Level 6 of the Lair of Beasts
 15557 | Lair:6   | Reached XP level 14. HP: 59/68 MP: 9/27
 15813 | Lair:6   | Slain by a water moccasin

Skill      XL: |  1  2  3  4  5  6  7  8  9 10 11 12 13 14 |
---------------+-------------------------------------------+-----
Short Blades   | 2 3 4 5 6 7 9 10 | 10.1
Spellcasting   | 2 5 8 |  8.0
Fighting       | 4 5 |  5.0
Stealth        | 1 8 11 13 14 | 14.2
Invocations    | 4 7 10 12 | 12.6
Shields        | 3 6 8 10 11 | 11.3
Armour         | 4 |  4.9

Action                   |  1- 3 |  4- 6 |  7- 9 | 10-12 | 13-15 || total
-------------------------+-------+-------+-------+-------+-------++-------
Melee: Rapier            |   100 |   114 |   152 |       |       ||   366
       Bite              |    23 |    35 |   134 |   254 |   125 ||   571
       Dagger            |       |       |   193 |   688 |   202 ||  1083
       Quick blade       |       |       |       |       |   261 ||   261
Invok: Line Pass         |       |       |       |     3 |       ||     3
       Grand Finale      |       |       |       |     1 |       ||     1
       Stomp             |       |       |       |       |     1 ||     1
Evoke: Wand              |       |       |     5 |       |       ||     5
  Use: Potion            |       |     2 |       |       |     1 ||     3
       Scroll            |       |       |     3 |     5 |    17 ||    25
 Stab: Paralysed         |       |       |     2 |    44 |    39 ||    85
       Sleeping          |       |       |       |    22 |    20 ||    42
       Distracted        |       |       |       |     5 |     3 ||     8
       Confused          |       |       |       |     1 |       ||     1
  Eat: Chunk             |       |     4 |     9 |    24 |    14 ||    51
Armor: Scale mail        |    51 |    30 |    62 |   163 |    92 ||   398
Dodge: Dodged            |    37 |    22 |    72 |   160 |   110 ||   401
Block: Shield            |    59 |    36 |    81 |    76 |       ||   252
       Buckler           |       |       |       |    45 |    74 ||   119
